Map: Ulrena

Players

Soma

  • Race: Protoss Protoss
  • League: Platinum

LilDicky - Winner!

  • Race: Terran Terran
  • League: Diamond

VOD

http://www.twitch.tv/tumescentpie

Description

Time

  • Played on: Dec. 11, 2015, 1:35 a.m.
  • Length: 5:20
Show
View Real Time Build Order
Export as new Build Order

Soma Protoss 

Build Orders:  

Get SALT Encoding   

  12  0:00  Probe (Chrono Boost)  
  13  0:13  Probe (Chrono Boost)  
  14  0:21  Pylon  
  14  0:23  Probe (Chrono Boost)  
  15  0:37  Pylon  
  15  0:40  Probe (Chrono Boost)  
  16  0:47  Gateway  
  16  0:59  Gateway  
  16  1:10  Gateway  
  16  1:17  Assimilator  
  16  1:19  Probe (Chrono Boost)  
  17  1:40  Cybernetics Core  
  17  1:41  Probe (Chrono Boost)  
  17  1:46  Zealot (Chrono Boost)  
  20  2:00  Zealot (Chrono Boost)  
  23  2:01  Probe (Chrono Boost)  
  23  2:05  Pylon  
  22  2:13  Probe (Chrono Boost), Zealot  
  25  2:20  Warp Gate (Chrono Boost)  
  25  2:26  Zealot  
  27  2:41  Mothership Core (Chrono Boost)  
  29  2:49  Adept  
  31  2:57  Adept  
  33  3:06  Pylon  
  33  3:08  Assimilator  
  33  3:11  Pylon  
  33  3:16  Adept  
  35  3:25  Stalker  
  23  4:05  Adept  
  23  4:06  Adept  
  23  4:48  Stalker  
  23  4:49  Stalker  
  23  4:50  Stalker  
Show
View Real Time Build Order
Export as new Build Order

LilDicky Terran - Winner!

Build Orders:  

Get SALT Encoding   

  12  0:02  SCV  
  13  0:14  SCV  
  14  0:17  Supply Depot  
  14  0:26  SCV  
  15  0:31  Refinery  
  15  0:39  SCV  
  16  0:47  Barracks  
  16  0:54  SCV  
  17  1:06  SCV  
  18  1:18  SCV  
  19  1:30  SCV  
  20  1:34  Supply Depot, Marine  
  21  1:40  Factory  
  21  1:42  Orbital Command  
  21  1:52  Marine  
  22  2:07  Barracks  
  22  2:09  Barracks  
  22  2:18  Barracks Reactor  
  22  2:23  SCV  
  23  2:35  SCV  
  24  2:38  Refinery  
  24  2:54  SCV, Widow Mine  
  24  2:56  Barracks Tech Lab x2  
  24  2:57  Marine x2  
  29  3:02  Supply Depot  
  29  3:11  Barracks  
  29  3:15  SCV  
  30  3:23  Widow Mine, Marine  
  30  3:24  Marine x2  
  35  3:44  Combat Shields, Marine x2  
  23  4:05  Marine  
  23  4:10  Widow Mine  
  22  4:17  Marine x2  
  22  4:18  Marine  
  22  4:22  Marine  
  26  4:53  Marine x4  
Tags
 
Add a new tag
Caveats
  • Supply blocks, unpowered buildings, or Contaminate may cause inaccurate times.
  • Supply counts are checked every 10 seconds.